 Dungeon Crawl Stone Soup version 0.29.0-11-gd7f09526c8 (webtiles) character file.

Game seed: 8843848365869160322

78 sanka the Chopper (level 4, -4/38 HPs)
             Began as a Ghoul Monk on Sept 4, 2022.
             Slain by a water moccasin (6 damage)
             ... on level 3 of the Dungeon.
             The game lasted 00:02:28 (2182 turns).

sanka the Chopper (Ghoul Monk)                      Turns: 2182, Time: 00:02:28

Health: -4/38      AC:  4    Str: 16    XL:     4   Next: 36%
Magic:  3/3        EV: 12    Int:  5    God:
Gold:   125        SH:  0    Dex: 11    Spells: 3/3 levels left

rFire   . . .      SeeInvis .   a - +0 hand axe
rCold   + . .      Faith    .   (no shield)
rNeg    + + +      Spirit   .   b - +0 robe
rPois   ∞          Reflect  .   w - +0 helmet
rElec   .          Harm     .   (no cloak)
rCorr   .          Rampage  .   (no gloves)
Will    .....                   o - +0 pair of boots
Stlth   ++........              (no amulet)
HPRegen 0.00/turn               (no ring)
MPRegen 0.08/turn               (no ring)

@: inhibited regen
A: claws 1, cold resistance 1, negative energy resistance 3, inhibited
regeneration, torment resistance 2, devour on kill
a: no special abilities


You were on level 3 of the Dungeon.
You visited 1 branch of the dungeon, and saw 3 of its levels.

You collected 125 gold pieces.


Innate Abilities, Weirdness & Mutations

You are immune to poison.
You have sharp fingernails.
Your flesh is cold resistant. (rC+)
You are immune to negative energy. (rN+++)
You do not regenerate when monsters are visible.
You are immune to unholy pain and torment.
You thrive by killing the living.


   Skills:
 - Level 3.2 Fighting
 + Level 4.6 Axes
 - Level 2.6 Dodging
 - Level 2.1 Stealth


You had 3 spell levels left.
You didn't know any spells.
Your spell library was empty.

Inventory:

Hand Weapons
 a - a +0 hand axe (weapon)
Armour
 b - a +0 robe (worn)
 o - a +0 pair of boots (worn)
 w - a +0 helmet (worn)
Magical Staves
 d - a staff of poison
 q - a staff of conjuration {!a}
Scrolls
 f - 2 scrolls of enchant armour {unknown}
 j - 3 scrolls of identify {unknown}
 k - a scroll of amnesia {unknown}
 m - a scroll of magic mapping {unknown}
 n - a scroll of brand weapon {unknown}
 p - 2 scrolls of teleportation {unknown}
 s - a scroll of fog {unknown}
 u - a scroll of immolation {unknown}
 v - a scroll of blinking {unknown}
Potions
 c - a potion of ambrosia
 e - a potion of magic {unknown}
 g - 2 potions of might {unknown}
 h - a potion of lignification {unknown}
 i - a potion of flight {unknown}
 l - 2 potions of attraction {unknown}
 r - a potion of cancellation {unknown}
 t - a potion of berserk rage {unknown}

Dungeon Overview and Level Annotations

Branches:
Dungeon (3/15)

Altars:
Gozag

▒▒ ▒▒.▒▒
▒S..▒
▒▒n..▒
▒..▒..▒
▒▒.▒▒ .▒
▒▒..▒ ..
▒..▒▒ ▒▒
▒..▒ ▒.▒▒
▒▒▒ ▒..▒▒
▒.▒
▒▒..▒▒▒▒
▒.▒▒▒▒▒▒▒▒


You could see a water moccasin.


Message History

Unknown command.
You hit the water moccasin but do no damage.
The water moccasin is almost dead.
The water moccasin bites you.
* * * LOW HITPOINT WARNING * * *
The water moccasin barely misses you.
Unknown command.
You miss the water moccasin. Your claw misses the water moccasin.
The water moccasin is almost dead.
The water moccasin closely misses you.
Unknown command.
You miss the water moccasin.
The water moccasin is almost dead.
The water moccasin bites you.
* * * LOW HITPOINT WARNING * * *
Unknown command.
You closely miss the water moccasin.
The water moccasin is almost dead.
The water moccasin bites you but does no damage.
The water moccasin bites you!
* * * LOW HITPOINT WARNING * * *
You barely miss the water moccasin.
The water moccasin is almost dead.
The water moccasin bites you.
* * * LOW HITPOINT WARNING * * *
You barely miss the water moccasin.
The water moccasin is almost dead.
The water moccasin bites you.
You die...

Action                   |  1- 3 |  4- 6 || total
-------------------------+-------+-------++-------
Melee: Hand axe          |   116 |    50 ||   166
 Stab: Sleeping          |     4 |     2 ||     6
Armor: Robe              |    20 |    11 ||    31
Dodge: Dodged            |    80 |    43 ||   123

Levels and vault maps discovered:
D:1:      sevenhm_arrival_forest_fort_small_2, layout_basic,
          hellmonk_ecumenical_altar_lost_god, lemuel_old_faithful
D:2:      layout_basic, basic_altar, minmay_pentomino_z4
D:3:      layout_rooms, grunt_temple_overflow_cloverleaf, serial_curves,
          eino_curves_01, eino_curves_03, fountainhead, st_stairs_9,
          minmay_misc_feat_tower, minmay_box_of_dots

Notes
Turn   | Place    | Note
-------+----------+-------------------------------------------
     0 | D:1      | sanka the Ghoul Monk began the quest for the Orb.
     0 | D:1      | Reached XP level 1. HP: 19/19 MP: 0/0
     6 | D:1      | Noticed a black mamba
    40 | D:1      | Reached skill level 3 in Axes
   139 | D:1      | Reached XP level 2. HP: 26/26 MP: 1/1
   144 | D:1      | Found a faded altar of an unknown god.
   867 | D:1      | Reached XP level 3. HP: 28/31 MP: 2/2
  1205 | D:2      | Reached skill level 4 in Axes
  1642 | D:2      | Reached XP level 4. HP: 31/38 MP: 3/3
  1780 | D:2      | Found an opulent altar of Gozag.
  2154 | D:3      | Noticed a water moccasin
  2181 | D:3      | HP: 2/38 [water moccasin (6)]
  2182 | D:3      | Slain by a water moccasin

Vanquished Creatures
  2 adders (D:2)
  6 ball pythons
  4 endoplasms
  6 giant cockroaches
  8 goblins
  3 hobgoblins
  7 jackals
  3 kobolds
  A quokka (D:2)
  4 bats
  3 frilled lizards
  6 rats
53 creatures vanquished.
